 Dungeon Crawl Stone Soup version 0.24-a0-769-g368c1644f8 (webtiles) character file.

Game seed: 10308453869484772856, levelgen mode: deterministic

1415 Erlindor the Basher (level 8, 0/66 (67) HPs)
             Began as a Troll Fighter on Oct 6, 2019.
             Was an Initiate of Hepliaklqana.
             Slain by Edmund
             ... wielding a +2 dire flail of crushing
              (6 damage)
             ... while paralysed
             ... on level 5 of the Dungeon.
             The game lasted 00:19:03 (5247 turns).

Erlindor the Basher (Troll Fighter)                 Turns: 5247, Time: 00:19:03

HP:   0/66 (67)     AC:  6    Str: 27    XL:     8   Next: 43%
MP:   7/7           EV:  1    Int:  4    God:    Hepliaklqana [......]
Gold: 182           SH:  0    Dex:  9    Spells: 7/7 levels left

rFire    . . .     SeeInvis .   a - +2 whip (flame)
rCold    . . .     Gourm    +   c - +0 shield
rNeg     . . .     Faith    .   b - +0 robe
rPois    .         Spirit   .   (helmet restricted)
rElec    .         Reflect  .   (no cloak)
rCorr    .         Harm     .   (gloves unavailable)
MR       .....                  (boots unavailable)
Stlth    +.........             (no amulet)
HPRegen  0.61/turn              (no ring)
MPRegen  0.10/turn              (no ring)

@: paralysed, fainting
A: large, unfitting armour, reduced essence, claws 3, fast metabolism 3,
gourmand, regeneration 1, shaggy fur 1, tough skin 3
a: Recall Ancestor, Ancestor Identity, Renounce Religion


You were on level 5 of the Dungeon.
You worshipped Hepliaklqana.
Hepliaklqana was noncommittal.
You were fainting.

You visited 2 branches of the dungeon, and saw 7 of its levels.
You also visited: Sewer.

You collected 252 gold pieces.
You spent 70 gold pieces at shops.

Inventory:

Hand Weapons
 a - a +2 whip of flaming (weapon)
Missiles
 x - a throwing net (quivered)
Armour
 b - a +0 robe (worn)
 c - a +0 shield (worn)
Jewellery
 g - an uncursed ring of magical power {unknown}
 l - an uncursed ring of protection from cold {unknown}
 m - an uncursed ring of see invisible {unknown}
 y - a cursed ring of attention {unknown}
Wands
 o - a wand of polymorph (8)
Scrolls
 e - a scroll of enchant weapon
 i - a scroll of magic mapping
 n - 3 scrolls of teleportation
 p - a scroll of fog {unknown}
 r - a scroll of random uselessness {unknown}
 s - a scroll of noise {unknown}
 v - a scroll of amnesia {unknown}
 w - a scroll of identify
Potions
 d - 2 potions of might
 h - a potion of degeneration {unknown}
 j - 2 potions of berserk rage
 k - 3 potions of curing
 q - 2 potions of mutation
 t - a potion of flight {unknown}
 u - a potion of agility {unknown}
Comestibles
 f - 11 rations


   Skills:
 + Level 3.0 Fighting
 * Level 9.4 Maces & Flails
 - Level 2.4 Dodging
 + Level 0.8 Stealth
 - Level 2.4 Shields


You had 7 spell levels left.
You didn't know any spells.
Your spell library was empty.

Dungeon Overview and Level Annotations

Branches:
Dungeon (6/15)             Temple (1/1) D:6           Sewer (visited)

Altars:
Ashenzari
Elyvilon
Fedhas
Gozag
Hepliaklqana
Kikubaaqudgha
Makhleb
Nemelex Xobeh
Okawaru
Ru
Sif Muna
Vehumet
Xom
Yredelemnul
Zin

Shops:
D:5 *=%?}

Annotations:
D:3 1 runed translucent door, Crazy Yiuf
D:4 3 runed translucent doors, bmj180's ghost, novice HOFi
D:5 Edmund


Innate Abilities, Weirdness & Mutations

You are too large for most types of armour.
You have claws for hands.
Your metabolism is lightning-fast.
You like to eat raw meat.
Your natural rate of healing is unusually fast.
You are covered in fur. (AC +1)
You have extremely tough skin. (AC +3)
Your life essence is reduced to manifest your ancestor. (-10% HP)


Message History

Edmund hits you with a +2 dire flail of crushing!
* * * LOW HITPOINT WARNING * * *
x2
There is an open door here.
Edmund gestures with his flail.
Edmund says, "You wouldn't believe how much I paid for this flail."
You are fainting from starvation!
There is an open door, spattered with blood here.
There is an open door here.
You block Edmund's attack.
You lose consciousness!
Edmund says, "People accused me of being a cutpurse!"
Edmund hits you but does no damage.
Edmund hits you with a +2 dire flail of crushing!
* * * LOW HITPOINT WARNING * * *
x2 Edmund hits you with a +2 dire flail of crushing.
* * * LOW HITPOINT WARNING * * *
x2 Edmund hits you with a +2 dire flail of crushing!
* * * LOW HITPOINT WARNING * * *
x2 Edmund hits you with a +2 dire flail of crushing.
You die...

.........'.....#........#....#...
.........#.....'........#....###'
.........#.....#........#....###≈
.........##....#........#....'#≈♣
.........##....#........+....##≈♣
.........#.....#........#....##♣#
.........#.....#........#.....##♣
.........#.<...#........#......#≈
.........#.....#@.....>.#......'≈
.........#.....#@.......######.##
.........####'##...............##
.........#∩..............<....###
.##......#.......................
.#########.......................
..# #....................... ..#
#....................... ..#
#.......................


You could see Edmund.

Vanquished Creatures
  Pikel (D:4)
  Eustachio (D:5)
  A slave (D:4)
  An ice beast (Temple)
  A centaur (D:4)
  A crocodile (Sewer)
  Blork the orc (D:4)
  A scorpion (D:4)
  A howler monkey (D:4)
  2 orc wizards (D:2)
  3 iguanas
  2 worker ants
  A worker ant zombie (D:5)
  10 adders
  A gnoll (D:1)
  2 river rats (D:4)
  2 shadow imps (D:5)
  2 oozes (D:4)
  An adder skeleton (D:5)
  3 worms (D:2)
  A dart slug (D:3)
  A leopard gecko (D:1)
  11 orcs
  11 bats
  4 giant cockroaches
  4 goblins
  5 hobgoblins
  12 jackals
  2 quokkas
  3 ball pythons
  6 frilled lizards
  12 kobolds
  14 rats
124 creatures vanquished.

Vanquished Creatures (others)
  A plant (D:5)
1 creature vanquished.

Grand Total: 125 creatures vanquished

Notes
Turn   | Place    | Note
-------+----------+-------------------------------------------
     0 | D:1      | Erlindor the Troll Fighter began the quest for the Orb.
     0 | D:1      | Reached XP level 1. HP: 22/22 MP: 0/0
   162 | D:1      | Reached skill level 2 in Maces & Flails
   272 | D:1      | HP: 1/22 [kobold/+4 whip (5)]
   280 | D:1      | HP: 1/22 [kobold/+0 club (3)]
   396 | D:1      | Reached XP level 2. HP: 25/29 MP: 1/1
   551 | D:1      | Reached skill level 3 in Maces & Flails
   551 | D:1      | Reached XP level 3. HP: 12/36 MP: 2/2
  1308 | D:2      | Found a shimmering blue altar of Sif Muna.
  1477 | D:2      | Reached skill level 4 in Maces & Flails
  1477 | D:2      | Reached XP level 4. HP: 38/44 MP: 3/3
  1578 | D:2      | Found an iron altar of Okawaru.
  1980 | D:2      | Found a shimmering altar of Xom.
  2221 | D:2      | Reached XP level 5. HP: 9/50 MP: 4/4
  2307 | D:2      | Reached skill level 5 in Maces & Flails
  2556 | D:3      | Found an ancient bone altar of Kikubaaqudgha.
  2610 | D:3      | Found a runed translucent door.
  2611 | D:3      | Noticed Crazy Yiuf
  2697 | D:3      | Found a sparkling altar of Nemelex Xobeh.
  2872 | D:3      | Found a sacrificial altar of Ru.
  3117 | D:4      | Found a runed translucent gate.
  3117 | D:4      | Found a runed translucent gate.
  3117 | D:4      | Found a runed translucent gate.
  3117 | D:4      | Noticed bmj180's ghost (novice HOFi)
  3247 | D:4      | Reached XP level 6. HP: 42/59 MP: 5/5
  3301 | D:4      | Noticed Blork the orc
  3306 | D:4      | Killed Blork the orc
  3306 | D:4      | Reached skill level 6 in Maces & Flails
  3429 | D:4      | Found a glowing drain.
  3436 | Sewer    | Entered a sewer
  3498 | Sewer    | Reached skill level 7 in Maces & Flails
  3498 | Sewer    | Reached XP level 7. HP: 34/66 MP: 6/6
  3879 | D:4      | Noticed Pikel
  3901 | D:4      | Killed Pikel
  3901 | D:4      | Reached skill level 8 in Maces & Flails
  3901 | D:4      | Reached XP level 8. HP: 37/74 MP: 7/7
  4244 | D:5      | Entered Level 5 of the Dungeon
  4429 | D:5      | Found Hukhloq's Gadget Shoppe.
  4438 | D:5      | Found Joho's Food Shop.
  4498 | D:5      | Found Kemi's Magic Scroll Emporium.
  4507 | D:5      | Bought a scroll of identify for 22 gold pieces
  4507 | D:5      | Bought a scroll of identify for 22 gold pieces
  4565 | D:5      | Found Cigrunk's Jewellery Shop.
  4650 | D:5      | Got a bronze scale mail
  4748 | D:5      | Found Soumpin's General Store.
  4752 | D:5      | Bought a scroll of identify for 26 gold pieces
  4957 | D:6      | Noticed Eustachio
  4958 | D:6      | Found a staircase to the Ecumenical Temple.
  5006 | D:5      | Killed Eustachio
  5006 | D:5      | Reached skill level 9 in Maces & Flails
  5079 | D:6      | Noticed Edmund
  5084 | Temple   | Entered the Ecumenical Temple
  5130 | Temple   | Became a worshipper of Hepliaklqana the Forgotten
  5205 | D:5      | HP: 2/66 [Edmund/+2 dire flail of crushing (4)]
  5241 | D:5      | Paralysed by fainting for 9 turns
  5247 | D:5      | Slain by Edmund

Levels and vault maps discovered:
D:1:      saegor_arrival_simple_c, layout_basic, due_unseen_surprise
D:2:      layout_loops_corners, kennysheep_okawaru_gauntlet,
          lemuel_coloured_pillars_altar, lemuel_doored_altar
D:3:      layout_loops_ring, nicolae_overflow_crystal_walls, lemuel_round_altar,
          kiku_gazebo_pond_becter, uniq_crazy_yiuf_cottage
D:4:      layout_basic, portal_sewer_entry_e, gammafunk_ghost_nasty_kobolds,
          first_ration, uniq_pikel, uniq_blork_the_orc
D:5:      layout_gridville, serial_shops, kennysheep_mini, shop_fountains, shop,
          shop, shop, saegor_snake_ambush
D:6:      layout_cave_pools, overflow_temple_1_default,
          minmay_temple_entry_grid, uniq_menkaure, uniq_eustachio, uniq_grinder,
          uniq_edmund
Temple:   jpeg_temple_island

Skill      XL: |  1  2  3  4  5  6  7  8 |
---------------+-------------------------+-----
Maces & Flails | 2 3 4 5 7 8 9 |  9.4
Fighting       | 3 |  3.0
Dodging        | |  2.4
Stealth        | |  0.8
Shields        | |  2.4

Action                   |  1- 3 |  4- 6 |  7- 9 || total
-------------------------+-------+-------+-------++-------
Melee: Flail             |   153 |   283 |    56 ||   492
       Whip              |       |       |   141 ||   141
  Use: Scroll            |       |     4 |     2 ||     6
 Stab: Sleeping          |       |     1 |       ||     1
  Eat: Chunk             |    11 |    27 |     3 ||    41
       Ration            |       |       |     1 ||     1
Armor: Robe              |    71 |   100 |    25 ||   196
Dodge: Dodged            |    63 |   102 |    38 ||   203
Block: Shield            |    56 |   134 |    49 ||   239

Table legend:
 A = Non-vault XP
 B = Vault XP
 C = Vault XP percentage of total XP
 D = Non-vault monster count
 E = Vault monster count
 F = Vault count percentage of total count
                 A         B        C        D         E       F
            +---------+---------+-------+---------+---------+-------
      Total |     937 |    1085 |  53.7 |     104 |      19 |  15.4
            +---------+---------+-------+---------+---------+-------
        D:1 |      60 |       0 |   0.0 |      32 |       0 |   0.0
        D:2 |     190 |       0 |   0.0 |      27 |       0 |   0.0
        D:3 |     110 |       0 |   0.0 |      18 |       0 |   0.0
        D:4 |     303 |     755 |  71.4 |      14 |      10 |  41.7
        D:5 |     141 |     219 |  60.8 |       9 |       3 |  25.0
        D:6 |       6 |       0 |   0.0 |       2 |       0 |   0.0
     Temple |     127 |       0 |   0.0 |       2 |       0 |   0.0
      Sewer |       0 |     111 | 100.0 |       0 |       6 | 100.0
            +---------+---------+-------+---------+---------+-------
